 Dungeon Crawl Stone Soup version 0.22-a0-430-g6609fc6 (webtiles) character file.

95 suicidejoker the Slasher (level 4, 0/27 HPs)
             Began as a Gargoyle Gladiator on May 27, 2018.
             Killed from afar by a white imp (6 damage)
             ... with a puff of frost
             ... summoned by Natasha
             ... on level 2 of the Dungeon.
             The game lasted 00:03:38 (1380 turns).

suicidejoker the Slasher (Gargoyle Gladiator)       Turns: 1380, Time: 00:03:38

Health: 0/27       AC: 16    Str: 18    XL:     4   Next: 66%
Magic:  4/4        EV:  6    Int:  8    God:
Gold:   27         SH:  0    Dex: 12    Spells: 3/3 levels left

rFire    . . .     SeeInvis .   a - +0 long sword
rCold    . . .     Gourm    .   (no shield)
rNeg     + . .     Faith    .   l - +0 plate armour
rPois    ∞         Spirit   .   c - +0 helmet
rElec    +         Reflect  .   (no cloak)
rCorr    .         Harm     .   h - +0 pair of gloves
MR       .....                  (no boots)
Stlth    ..........             (no amulet)
HPRegen  0.09/turn              e - ring of wizardry
MPRegen  0.09/turn              (no ring)

@: very slightly contaminated, slowed, very slow
A: negative energy resistance 1, electricity resistance, unbreathing,
petrification resistance, rot immunity, AC +3
a: no special abilities


You were on level 2 of the Dungeon.
You were hungry.

You visited 1 branch of the dungeon, and saw 2 of its levels.

You collected 27 gold pieces.

Inventory:

Hand Weapons
 a - a +0 long sword (weapon)
Missiles
 d - 3 throwing nets (quivered)
 j - 18 bolts
Armour
 c - a +0 helmet (worn)
 h - a +0 pair of gloves (worn)
 l - a +0 plate armour (worn)
Jewellery
 e - a ring of wizardry (left hand)
Scrolls
 b - a scroll of amnesia {unknown}
 g - 2 scrolls of teleportation {unknown}
 k - 2 scrolls of fear {unknown}
 m - a scroll of identify {unknown}
Potions
 i - a potion of invisibility
Comestibles
 f - 3 rations


   Skills:
 + Level 2.8 Fighting
 * Level 3.4 Long Blades
 - Level 1.7 Throwing
 + Level 1.3 Armour
 * Level 3.1 Dodging
 + Level 1.4 Stealth


You had 3 spell levels left.
You didn't know any spells.
Your spell library was empty.

Dungeon Overview and Level Annotations

Branches:
Dungeon (2/15)

Altars:

Annotations:
D:2 Natasha


Innate Abilities, Weirdness & Mutations

You are resistant to torment.
Your stone body is resilient. (AC +3)
You are immune to poison.
You resist negative energy. (rN+)
You are resistant to electric shocks. (rElec)
You can survive without breathing.
You are immune to petrification.
You are immune to rotting.


Message History

You closely miss Natasha.
Natasha is severely wounded.
Natasha claws you.
* * * LOW HITPOINT WARNING * * *
Natasha barely misses you.
Your plate armour prevents you from hitting Natasha.
Natasha is severely wounded.
Natasha claws you but does no damage. x2
You miss Natasha.
Natasha is severely wounded.
Natasha mumbles some strange words.
You hit Natasha but do no damage.
Natasha is severely wounded.
Natasha howls an incantation.
Natasha's front paws start to glow.
Natasha claws you but does no damage.
The white imp grins evilly.
The white imp gestures at you. The puff of frost hits you!
You die...

#. #..h.......##
.. #.###...#.##
##
.#####.........#
.....(..##.....#
.##........#....#
#.###.##......# #
#..........#
#.##.h..#.#.#...
#...†@....#.#.##
#...5..?..# #
...............
..............#
######...######
#####


You could see Natasha and a white imp.

Vanquished Creatures
  An orc wizard (D:2)
  An ooze (D:1)
  2 dart slugs
  3 leopard geckos
  4 orcs (D:2)
  A ball python (D:1)
  7 bats
  2 giant cockroaches (D:1)
  4 goblins (D:1)
  6 hobgoblins
  5 jackals (D:1)
  A frilled lizard (D:1)
  6 kobolds
  4 rats
47 creatures vanquished.

Notes
Turn   | Place    | Note
-------+----------+-------------------------------------------
     0 | D:1      | suicidejoker the Gargoyle Gladiator began the quest for the Orb.
     0 | D:1      | Reached XP level 1. HP: 12/12 MP: 1/1
   190 | D:1      | Reached XP level 2. HP: 18/18 MP: 2/2
   410 | D:1      | Reached XP level 3. HP: 22/22 MP: 3/3
   775 | D:1      | Reached skill level 1 in Stealth
  1245 | D:2      | Reached skill level 1 in Armour
  1264 | D:2      | Reached XP level 4. HP: 27/27 MP: 4/4
  1265 | D:2      | Noticed Natasha
  1380 | D:2      | Killed from afar by a white imp

Vault maps used:
D:1:      onia_arrival_mini_maze, st_stairs_8, skrybe_limestone_x
D:2:      nicolae_overflow_crystal_walls, nicolae_overflow_hidden_temple,
          first_ration, uniq_natasha

Skill      XL: |  1  2  3  4 |
---------------+-------------+-----
Long Blades    | 3 |  3.4
Stealth        | 1 |  1.4
Armour         | 1 |  1.3
Dodging        | 3 |  3.1
Fighting       | |  2.8
Throwing       | |  1.7

Action                   |  1- 3 |  4- 6 || total
-------------------------+-------+-------++-------
Melee: Long sword        |   100 |    54 ||   154
  Use: Potion            |       |     2 ||     2
  Eat: Chunk             |     1 |       ||     1
Armor: Leather armour    |    24 |       ||    24
       Plate armour      |    47 |    52 ||    99
Dodge: Dodged            |    69 |    22 ||    91
       Rpst.: Long sword |    27 |     7 ||    34

Table legend:
 A = Spawn XP
 B = Non-spawn XP
 C = Spawn XP percentage of total XP
 D = Spawn monster count
 E = Non-spawn monster count
 F = Spawn count percentage of total count
 G = Total turns spent on level
                    A         B        C        D         E        F      G
               +---------+---------+-------+---------+---------+-------+---------
         Total |       0 |     137 |   0.0 |       0 |      47 |   0.0 |  1380
               +---------+---------+-------+---------+---------+-------+---------
           D:1 |       0 |      64 |   0.0 |       0 |      32 |   0.0 |  1168
           D:2 |       0 |      73 |   0.0 |       0 |      15 |   0.0 |   212
               +---------+---------+-------+---------+---------+-------+---------
